 Dungeon Crawl Stone Soup version 0.31.0-11-ge490571c62 (webtiles) character file.

Game seed: 11356451247756431939

165 Yore the Trooper (level 5, -7/34 HPs)
             Began as a Gargoyle Fighter on Feb 2, 2024.
             Mangled by an ogre
             ... wielding a +0 giant spiked club
              (29 damage)
             ... on level 4 of the Dungeon.
             The game lasted 00:03:27 (2624 turns).

Yore the Trooper (Gargoyle Fighter)                 Turns: 2624, Time: 00:03:27

Health: -7/34      AC: 13    Str: 21    XL:     5   Next: 46%
Magic:  5/5        EV:  8    Int:  9    God:
Gold:   161        SH:  4    Dex:  9    Spells: 4/4 levels left

rFire   . . .        a - +0 flail
rCold   . . .        c - +0 buckler
rNeg    + . .        f - +0 chain mail
rPois   ∞            s - +0 hat {Will+}
rElec   +            (no cloak)
rCorr   .            (no gloves)
SInv    .            (no boots)
Will    +....        (no amulet) Stlth
                     t - ring of flight
HPRegen 0.25/turn    (no ring)
MPRegen 0.09/turn

%: no passive effects
@: flying
A: sickness immunity, AC +4, negative energy resistance 1, electricity
resistance, torment resistance 1, petrification resistance
a: no special abilities


You were on level 4 of the Dungeon.
You visited 1 branch of the dungeon, and saw 4 of its levels.

You collected 161 gold pieces.

Inventory:

Hand Weapons
 a - a +0 flail (weapon)
Missiles
 k - 4 javelins (quivered)
 p - a throwing net
Armour
 c - a +0 buckler (worn)
 f - a +0 chain mail (worn)
 s - a +0 hat of willpower (worn)
Jewellery
 i - a ring of ice
 t - a ring of flight (left hand)
 u - a +4 ring of protection
Scrolls
 b - a scroll of enchant weapon {unknown}
 e - a scroll of immolation {unknown}
 g - 4 scrolls of identify {unknown}
 o - a scroll of teleportation {unknown}
 q - a scroll of blinking {unknown}
 r - a scroll of noise {unknown}
 w - a scroll of fog {unknown}
Potions
 d - a potion of might
 h - 3 potions of curing {unknown}
 j - a potion of degeneration {unknown}
 l - a potion of enlightenment {unknown}
 m - a potion of lignification {unknown}
 n - a potion of resistance {unknown}
 v - a potion of cancellation {unknown}
 x - a potion of heal wounds {unknown}


   Skills:
 * Level 4.6 Fighting
 * Level 3.4 Maces & Flails
 + Level 4.0 Armour
 - Level 4.0 Shields


You had 4 spell levels left.
You didn't know any spells.
Your spell library was empty.

Dungeon Overview and Level Annotations

Branches:
Dungeon (4/15)
 Temple: D:4-7

Altars:


Innate Abilities, Weirdness & Mutations

You are immune to sickness and miasma.
Your stone body is resilient. (AC +4)
You are immune to poison.
You resist negative energy. (rN+)
You are resistant to electric shocks. (rElec)
You are resistant to unholy torment.
You are immune to petrification.


Message History

Found 6 stones.
There is an escape hatch in the ceiling here.
You now have 161 gold pieces (gained 19).
A ball python comes into view.
Found 4 stones.
A ball python is nearby!
Found a stone staircase leading down.
You hit the ball python.
The ball python is moderately wounded.
The ball python bites you but does no damage.
The ball python grabs you. The ball python constricts you.
You hit the ball python.
You kill the ball python!
No target in view!
No target in view!
Found a stone staircase leading down.
An ogre comes into view. It is wielding a +0 giant spiked club.
The ogre shouts!
An ogre is nearby!
You aren't carrying any items that you can evoke.
Throw: 7 javelins
Press: ? - help, Q - select action, (/) - cycle Shift-Dir - straight line, f - ogre
Aim: an ogre, wielding a +0 giant spiked club (70% to hit)
You throw a javelin. The javelin pierces through the ogre.
The ogre is lightly wounded.
Throw: 6 javelins
Press: ? - help, Q - select action, (/) - cycle Shift-Dir - straight line, f/p - ogre
Aim: an ogre, wielding a +0 giant spiked club (lightly wounded, 70% to hit)
You throw a javelin. The javelin barely misses the ogre.
Throw: 5 javelins
Press: ? - help, Q - select action, (/) - cycle Shift-Dir - straight line, f/p - ogre
Aim: an ogre, wielding a +0 giant spiked club (lightly wounded, 70% to hit)
You throw a javelin. The javelin pierces through the ogre.
The ogre is moderately wounded.
The ogre hits you with a +0 giant spiked club!
You hit the ogre.
The ogre is heavily wounded.
The ogre hits you with a +0 giant spiked club!!
Ouch! That really hurt!
You die...

.....##..#....##
..
..........####
###...........#
(......#...<.#
.............#
..###...#.#.##
........###### .
>........#...# .
........@....# #
........O....#
#......(.....#
...............#
................
.....>........##
............##
....#..(.((.#


You could see an ogre.

Vanquished Creatures
  A hound (D:3)
  An orc wizard (D:4)
  2 adders
  A dart slug (D:3)
  A ribbon worm (D:3)
  6 orcs
  6 endoplasms
  A giant cockroach (D:4)
  7 hobgoblins
  4 jackals (D:4)
  3 quokkas (D:2)
  14 ball pythons
  3 bats
  3 frilled lizards
  8 goblins
  5 kobolds
  19 rats (D:2)
85 creatures vanquished.

Notes
Turn   | Place    | Note
-------+----------+-------------------------------------------
     0 | D:1      | Yore the Gargoyle Fighter began the quest for the Orb.
     0 | D:1      | Reached XP level 1. HP: 14/14 MP: 1/1
   225 | D:1      | Reached XP level 2. HP: 19/19 MP: 2/2
   836 | D:2      | Reached XP level 3. HP: 17/24 MP: 3/3
  1683 | D:3      | Reached XP level 4. HP: 18/29 MP: 4/4
  2139 | D:3      | Found a faded altar of an unknown god.
  2416 | D:3      | Reached XP level 5. HP: 33/34 MP: 5/5
  2619 | D:4      | Noticed an ogre
  2624 | D:4      | Mangled by an ogre

Illustrated notes

Levels and vault maps discovered:
D:1:      lightli_iron_boxes, layout_loops_ring, serial_forest,
          infiniplex_forest_clump_diagonal, infiniplex_forest_lined_room_2,
          infiniplex_forest_zigzag_1, infiniplex_forest_zigzag_1,
          infiniplex_forest_clump_medium, infiniplex_forest_straight_3
D:2:      layout_basic, minmay_rat_hole
D:3:      layout_basic, hellmonk_ecumenical_altar_heavens_door,
          nicolae_elevator_lobby_plus
D:4:      layout_cave_pools, trog_book, jmf_multi_god_temple2, uniq_ijyb

Skill      XL: |  1  2  3  4  5 |
---------------+----------------+-----
Fighting       | 4 |  4.6
Maces & Flails | 3 |  3.4
Shields        | 4 |  4.0
Armour         | 4 |  4.0

Action                     |  1- 3 |  4- 6 || total
---------------------------+-------+-------++-------
  Melee: Flail             |   173 |   117 ||   290
  Throw: Javelin           |     1 |     3 ||     4
 Armour: Chain mail        |   157 |   102 ||   259
         Scale mail        |     3 |       ||     3
  Dodge: Dodged            |    74 |    29 ||   103
  Block: Buckler           |    47 |    34 ||    81
